 Dungeon Crawl Stone Soup version 0.29.1-15-g9cfb28693d (webtiles) character file.

Game seed: 5791096602263336680

92059 LLlMATKO the Warrior (level 15, -7/141 HPs)
             Began as a Minotaur Berserker on Apr 16, 2023.
             Was a High Priest of Trog.
             Drowned by a drowned soul (14 damage)
             ... summoned by a merfolk avatar
             ... on level 1 of the Shoals.
             The game lasted 00:49:43 (29297 turns).

LLlMATKO the Warrior (Minotaur Berserker)          Turns: 29297, Time: 00:49:43

Health: -7/141     AC: 27    Str: 29    XL:     15   Next: 56%
Magic:  0/14       EV: 14    Int: 12    God:    Trog [*****.]
Gold:   1394       SH: 13    Dex: 18    Spells: 14/14 levels left

rFire   . . .      SeeInvis .   w - +3 war axe (flame)
rCold   + . .      Faith    .   K - +0 kite shield
rNeg    . . .      Spirit   +   E - +3 plate armour {rC+}
rPois   +          Reflect  .   M - +1 hat
rElec   .          Harm     .   O - +0 cloak of Suaxkisu {Int+4 Stlth+}
rCorr   .          Rampage  .   l - +0 pair of gloves
Will    +....                   J - +2 pair of boots
Stlth   ..........              W - amulet of guardian spirit
HPRegen 0.33/turn               y - ring "Hysifoi" {+Blink rPois Str+2 Int+4 Dex+6}
MPRegen 0.14/turn               G - ring of poison resistance

@: no status effects
A: horns 2, retaliatory headbutt, subdued magic 1
a: Renounce Religion, Evoke Blink, Berserk, Trog's Hand, Brothers in Arms


You were on level 1 of the Shoals.
You worshipped Trog.
Trog was extremely pleased with you.
You visited 4 branches of the dungeon, and saw 23 of its levels.
You visited the Abyss 1 time.

You collected 2218 gold pieces.
You spent 824 gold pieces at shops.

Inventory:

Hand Weapons
 g - a +2 morningstar of protection
 j - a +7 antimagic broad axe
 q - the +4 sling of Apnat {vorpal, rF+ Int+7}
   (You found it on level 9 of the Dungeon)

   Any ammunition fired from it inflicts extra damage upon your enemies.
   Int:       It affects your intelligence (+7).
   rF:        It protects you from fire.
 w - a +3 war axe of flaming (weapon)
 D - a +5 spear of freezing
 L - a +0 arbalest
 V - a +0 battleaxe of electrocution
Missiles
 h - 3 curare-tipped darts
 v - 29 poisoned darts (quivered)
 Q - 239 stones
 Z - 3 silver javelins
Armour
 l - a +0 pair of gloves (worn)
 E - a +3 plate armour of cold resistance (worn)
 J - a +2 pair of boots (worn)
 K - a +0 kite shield (worn)
 M - a +1 hat (worn)
 O - the +0 cloak of Suaxkisu (worn) {Int+4 Stlth+}
   (You bought it in a shop on level 2 of the Orcish Mines)

   Int:       It affects your intelligence (+4).
   Stlth:     It makes you more stealthy.
Jewellery
 y - the ring "Hysifoi" (left hand) {+Blink rPois Str+2 Int+4 Dex+6}
   (You found it on level 5 of the Dungeon)

   [ring of dexterity]

   Str:       It affects your strength (+2).
   Int:       It affects your intelligence (+4).
   Dex:       It affects your dexterity (+6).
   rPois:     It protects you from poison.
   +Blink:    It lets you blink.
 F - a +4 ring of evasion
 G - a ring of poison resistance (right hand)
 I - a ring of fire
 P - the ring of Zimn {rF+ rN+ Int+3 SInv}
   (You found it on level 5 of the Lair of Beasts)

   [ring of see invisible]

   Int:       It affects your intelligence (+3).
   rF:        It protects you from fire.
   rN:        It protects you from negative energy.
   SInv:      It lets you see invisible.
 W - an amulet of guardian spirit (around neck)
Wands
 b - a wand of polymorph (31)
 s - a wand of flame (44)
 S - a wand of iceblast (18)
 U - a wand of charming (9)
 X - a wand of digging (1)
Scrolls
 a - a scroll of summoning
 c - 13 scrolls of teleportation
 d - 4 scrolls of identify
 e - 2 scrolls of silence {unknown}
 f - 3 scrolls of blinking
 n - a scroll of poison
 o - 3 scrolls of butterflies
 x - a scroll of fear
 z - 5 scrolls of magic mapping
 H - a scroll of enchant armour
Potions
 i - 5 potions of cancellation
 k - a potion of berserk rage
 m - 7 potions of might
 p - a potion of brilliance {unknown}
 r - a potion of resistance {unknown}
 u - 4 potions of magic
 A - 7 potions of haste
 B - 8 potions of curing
 C - 3 potions of ambrosia
 N - 5 potions of flight
 Y - 2 potions of invisibility


   Skills:
 + Level 15.2 Fighting
 + Level 15.1 Axes
 + Level 10.9 Ranged Weapons
 + Level 14.8 Armour
 + Level 13.8 Dodging
 + Level 12.2 Shields


You had 14 spell levels left.
You didn't know any spells.
Your spell library was empty.

Dungeon Overview and Level Annotations

Branches:
Dungeon (15/15)            Temple (0/1) D:5            Lair (5/5) D:10
 Shoals (1/4) Lair:3       Spider (0/4) Lair:3        Slime (0/5) Lair:5
    Orc (2/2) D:11            Elf (0/3) Orc:2        Vaults (0/5) D:13
 Depths (0/4) D:15

Altars:
Ashenzari
Fedhas
Qazlal
Ru
Trog
Xom
Yredelemnul
The Shining One
Jiyva

Shops:
D:1 [   D:5 ?   D:7 *   D:12 ==[   Orc:2 *(=[

Portals:
Trove: D:10 (give +6 demon trident)

Annotations:
D:7 2 transporters
Lair:5 1 runed translucent door


Innate Abilities, Weirdness & Mutations

You have a pair of horns on your head.
You reflexively headbutt those who attack you in melee.
Your spells are a little easier to cast, but a little less powerful.


Message History

The merfolk avatar looks even sicker.
The merfolk avatar is heavily wounded.
You hear a splash.
The drowned soul touches you. The drowned soul drowns you!
* * * LOW HITPOINT WARNING * * *
The merfolk avatar chants its luring song.
Your +5 spear of freezing stops glowing.
Your +3 war axe of flaming bursts into flame!
w - a +3 war axe of flaming (weapon)
Unknown command.
You slash the drowned soul! You burn the drowned soul.
The drowned soul is severely damaged.
You slash the drowned soul! You burn the drowned soul.
You destroy the drowned soul!
The drowned soul returns to the deep!
Splash!
You fall into the shallow water.
Moving in this stuff is going to be slow.
You block the drowned soul's attack.
The merfolk avatar chants its luring song.
The drowned soul touches you. The drowned soul drowns you!
* * * LOW HITPOINT WARNING * * *
Unknown command.
As you read the scroll of fear, it crumbles to dust.
You assume a fearsome visage.
The merfolk avatar resists with almost no effort.
The drowned soul is unaffected. x2; The drowned soul returns to the deep!
The merfolk avatar chants its luring song.
You cannot move away from the merfolk avatar!
Unknown command.
As you read the scroll of fear, it crumbles to dust.
You assume a fearsome visage.
The merfolk avatar looks frightened!
The drowned soul is unaffected. x3; The merfolk avatar stops singing.
You are no longer entranced.
The merfolk avatar's song is interrupted.
Unknown command.
You block the drowned soul's attack.
The drowned soul returns to the deep!
The drowned soul touches you. The drowned soul drowns you!
You die...

~...^.~~~..##
.......~~...#
~..........##
~.........#
...###.<.## ###
##..# ##.. #..##
..~.####..†##
.........@..##
..≈~...~~.W..#
#≈≈≈....~~~≈.##
#≈≈≈~...~~~≈..#
..~≈≈..~≈≈≈~~...~
...~~~~~≈≈~~~.~~≈~
..~~~~~≈~~≈≈~~~~≈≈~
~~..~~~~~~≈≈~~~~≈≈≈
≈~~.~~~≈≈≈≈≈≈~~≈≈≈≈


You could see a drowned soul (summoned).

Vanquished Creatures
  Rupert (D:12)
  Frances (D:13)
  2 orc warlords (Orc:1)
  A stone giant (D:15)
  The ghost of Nubia the Covert, a journeyman GnEn (Lair:4)
  A yaktaur captain (D:13)
  2 boulder beetles
  12 hydras
  4 catoblepae
  Erolcha (D:11)
  8 centaur warriors
  An ice dragon (Lair:2)
  4 two-headed ogres
  4 tengu warriors
  4 orc high priests
  4 skeletal warriors
  A goliath frog (Lair:5)
  The ghost of NimIero the Geomancer, a novice FoEE of Gozag (D:6)
  3 starcursed masses (Abyss:2)
  An obsidian statue (D:8)
  2 deep elf pyromancers
  A necromancer (D:13)
  6 orc sorcerers (Orc:2)
  3 cyclopes
  3 ugly things
  5 slime creatures (D:13)
  3 manticores
  An ice statue (D:8)
  8 elephants
  4 black mambas (Lair:5)
  A gargoyle (D:14)
  A cane toad (shapeshifter) (D:13)
  22 cane toads
  12 komodo dragons
  A rime drake (Lair:5)
  An unseen horror (D:11)
  5 kobold demonologists
  A tengu conjurer (D:14)
  11 trolls
  A wind drake (Lair:3)
  3 tyrant leeches (Lair:5)
  A raiju (shapeshifter) (D:14)
  18 dream sheep
  A snapping turtle (Shoals:1)
  28 blink frogs
  Sigmund (D:2)
  A centaur simulacrum (D:15)
  2 shadows (D:11)
  6 wyverns
  43 yaks
  3 basilisks
  Grum (D:10)
  A neqoxec (Abyss:2)
  13 vampire mosquitoes
  Menkaure (D:5)
  A steam dragon (D:8)
  7 wargs
  13 water moccasins
  Duvessa (D:7)
  31 orc warriors
  2 sky beasts
  A black bear (D:7)
  5 centaurs
  4 ogres
  12 wolves
  7 kobold brigands
  Blork the orc (D:5)
  2 gnoll sergeants
  9 bullfrogs
  A necrophage (D:7)
  4 scorpions
  11 wights
  Dowan (D:7)
  7 killer bees
  6 howler monkeys
  6 electric eels
  5 hounds
  10 orc priests
  4 gnoll boudas
  An iguana (D:5)
  Terence (D:2)
  Ijyb (D:5)
  17 orc wizards
  30 gnolls
  8 adders
  An ufetubus (D:6)
  3 worms
  3 dart slugs
  68 orcs
  4 bats
  10 endoplasms
  6 giant cockroaches
  6 goblins
  12 hobgoblins
  3 jackals (D:4)
  40 kobolds
  3 quokkas
  10 ball pythons
  6 rats
656 creatures vanquished.

Vanquished Creatures (others)
  2 orcs (Orc:2)
  34 fungi
  83 plants
  2 withered plants (D:6)
121 creatures vanquished.

Grand Total: 777 creatures vanquished

Notes
Turn   | Place    | Note
-------+----------+-------------------------------------------
     0 | D:1      | LLlMATKO the Minotaur Berserker began the quest for the
                  | Orb.
     0 | D:1      | Reached XP level 1. HP: 19/19 MP: 0/0
   263 | D:1      | Reached XP level 2. HP: 25/27 MP: 1/1
   290 | D:1      | You fall into a shaft and drop 1 floor!
   293 | D:2      | Found a faded altar of an unknown god.
   465 | D:2      | Noticed Terence
   475 | D:2      | Killed Terence
   476 | D:2      | Reached XP level 3. HP: 33/33 MP: 2/2
   531 | D:2      | Noticed Sigmund
   589 | D:2      | Killed Sigmund
   590 | D:2      | Reached XP level 4. HP: 41/41 MP: 3/3
   590 | D:2      | Reached XP level 5. HP: 47/47 MP: 4/4
   674 | D:1      | Found Risek's Antique Armour Shoppe.
   691 | D:1      | Reached skill level 5 in Fighting
   750 | D:1      | Reached skill level 5 in Axes
   775 | D:1      | Reached ** piety under Trog
  1682 | D:3      | Reached XP level 6. HP: 56/56 MP: 5/5
  1803 | D:3      | Found a bloodstained altar of Trog.
  1810 | D:3      | Found a stormy altar of Qazlal.
  2911 | D:4      | Reached skill level 5 in Armour
  2911 | D:4      | Reached XP level 7. HP: 47/62 MP: 6/6
  3093 | D:4      | Reached *** piety under Trog
  3648 | D:1      | Bought a pair of runed boots for 172 gold pieces
  3748 | D:5      | Entered Level 5 of the Dungeon
  3795 | D:5      | Noticed Blork the orc
  3802 | D:5      | Killed Blork the orc
  3937 | D:5      | Identified the ring "Hysifoi" {+Blink rPois Str+2 Int+4
                  | Dex+6}
  3942 | D:5      | Found Usae's Magic Scroll Shoppe.
  3999 | D:5      | Noticed Menkaure
  4007 | D:5      | Killed Menkaure
  4008 | D:5      | Reached skill level 5 in Dodging
  4150 | D:5      | Noticed Ijyb
  4160 | D:5      | Killed Ijyb
  4453 | D:5      | Found a staircase to the Ecumenical Temple.
  4503 | D:5      | Bought a scroll of magic mapping for 105 gold pieces
  4653 | D:6      | Reached XP level 8. HP: 67/71 MP: 7/7
  4914 | D:6      | Found a runed translucent door.
  4916 | D:6      | Noticed NimIero's ghost (novice FoEE)
  5326 | D:6      | Killed NimIero's ghost
  5359 | D:7      | Noticed a kobold demonologist
  5359 | D:7      | Noticed a kobold demonologist
  5364 | D:7      | Found a transporter.
  5374 | D:7      | Noticed Dowan
  5375 | D:7      | Noticed Duvessa
  5390 | D:6      | Reached XP level 9. HP: 50/79 MP: 8/8
  5843 | D:7      | Killed Dowan
  5847 | D:7      | Killed Duvessa
  5898 | D:7      | Found a transporter.
  6005 | D:7      | Found a shimmering altar of Xom.
  6079 | D:7      | Found Ozute's General Store.
  6161 | D:7      | Found a glowing golden altar of the Shining One.
  6181 | D:7      | Reached **** piety under Trog
  6228 | D:7      | Found a large runed translucent door.
  6228 | D:7      | Found a large runed translucent door.
  6338 | D:7      | Found a sacrificial altar of Ru.
  6338 | D:7      | Noticed a two-headed ogre
  6350 | D:7      | Killed a two-headed ogre
  6517 | D:7      | Found a blossoming altar of Fedhas.
  6597 | D:8      | Reached XP level 10. HP: 87/91 MP: 9/9
  6828 | D:8      | Noticed an ice statue
  6944 | D:8      | Reached skill level 1 in Shields
  7078 | D:8      | Reached skill level 1 in Ranged Weapons
  7140 | D:8      | Reached skill level 10 in Fighting
  7159 | D:8      | Noticed an obsidian statue
  7165 | D:8      | Gained mutation: Your spells are a little easier to cast,
                  | but a little less powerful. [a neqoxec]
  7169 | D:8      | Noticed a sixfirhy
  7170 | D:8      | Killed an obsidian statue
  7171 | D:8      | Reached skill level 10 in Axes
  7349 | D:8      | Killed an ice statue
  8315 | D:9      | Identified the +4 sling of Apnat {vorpal, rF+ Int+7}
  8347 | D:9      | Reached skill level 10 in Armour
  9500 | D:10     | Entered Level 10 of the Dungeon
  9624 | D:10     | Reached XP level 11. HP: 89/101 MP: 10/10
  9688 | D:10     | Found a staircase to the Lair.
  9694 | D:10     | Noticed Grum
  9725 | D:10     | Reached ***** piety under Trog
  9728 | D:10     | Killed Grum
  9792 | D:10     | Found a portal to a secret trove of treasure.
  9945 | D:10     | Identified the +0 leather armour "Daaleal" {+Blink Fly
                  | rF+++ Dex-5}
  9962 | D:10     | Noticed a two-headed ogre
  9969 | D:10     | Killed a two-headed ogre
 10344 | D:11     | Noticed a green ugly thing
 10352 | D:10     | Killed a green ugly thing
 10525 | D:11     | Noticed a boulder beetle
 10526 | D:11     | Noticed Erolcha
 10549 | D:10     | Killed a boulder beetle
 10550 | D:10     | Reached skill level 5 in Shields
 10704 | Abyss:2  | Cast into level 2 of the Abyss (Erolcha)
 10748 | Abyss:2  | Noticed a starcursed mass
 10762 | Abyss:2  | Killed a starcursed mass
 10765 | Abyss:2  | Killed a starcursed mass
 10809 | D:11     | Escaped the Abyss
 10982 | D:11     | Killed Erolcha
 11125 | D:11     | Found a staircase to the Orcish Mines.
 11142 | D:11     | Reached skill level 10 in Dodging
 11477 | D:11     | Reached skill level 5 in Ranged Weapons
 11853 | D:12     | Noticed a skeletal warrior
 11853 | D:12     | Noticed a skeletal warrior
 11853 | D:12     | Noticed a skeletal warrior
 11853 | D:12     | Noticed a skeletal warrior
 11864 | D:11     | Killed a skeletal warrior
 11867 | D:11     | Killed a skeletal warrior
 11870 | D:11     | Killed a skeletal warrior
 11871 | D:11     | Reached XP level 12. HP: 83/110 MP: 11/11
 12371 | D:12     | Found Wytzyx's Armour Emporium.
 12426 | D:12     | Noticed a two-headed ogre
 12428 | D:12     | Killed a two-headed ogre
 12429 | D:12     | Found Luud's Jewellery Shop.
 12642 | D:12     | Bought an amulet of guardian spirit for 300 gold pieces
 12783 | D:12     | Found Xoirch Jehofe's Jewellery Shop.
 12997 | D:12     | Found a glowing golden altar of the Shining One.
 13634 | D:13     | Noticed a centaur warrior
 13654 | D:13     | Killed a centaur warrior
 14076 | Lair:1   | Entered Level 1 of the Lair of Beasts
 14161 | Lair:1   | Identified the +0 ring mail of Ujeichawai {rN+ Str+4 Int+4}
 15363 | Lair:2   | Reached XP level 13. HP: 119/119 MP: 12/12
 16826 | Lair:3   | Found a hole to the Spider Nest.
 17081 | Lair:3   | Found a staircase to the Shoals.
 17965 | Lair:4   | Received a gift from Trog
 18101 | Lair:4   | Found a large runed translucent door.
 18101 | Lair:4   | Found a large runed translucent door.
 18110 | Lair:4   | Noticed Nubia's ghost (journeyman GnEn)
 19217 | Lair:4   | Killed Nubia's ghost
 19262 | Lair:5   | Entered Level 5 of the Lair of Beasts
 19262 | Lair:5   | Found a broken altar of Ashenzari.
 19915 | Lair:5   | Reached XP level 14. HP: 74/129 MP: 7/13
 20019 | Lair:5   | Reached skill level 10 in Shields
 20562 | Lair:5   | Found a runed translucent door.
 20562 | Lair:5   | Found a viscous altar of Jiyva.
 20564 | Lair:5   | Found a staircase to the Slime Pits.
 21501 | Lair:5   | Identified the ring of Zimn {rF+ rN+ Int+3 SInv}
 22291 | D:13     | Noticed Rupert
 22532 | D:13     | Paralysed by Rupert for 2 turns
 22550 | D:12     | HP: 1/132 [Rupert/+0 great sword of electrocution (13)]
 22948 | D:12     | Found Luud's Jewellery Shop.
 22999 | D:12     | Killed Rupert
 23100 | D:12     | Found Xoirch Jehofe's Jewellery Shop.
 23165 | D:12     | Found a glowing golden altar of the Shining One.
 23426 | D:12     | Found Wytzyx's Armour Emporium.
 23825 | D:13     | Found a gate to the Vaults.
 23894 | D:13     | Noticed Frances
 23906 | D:13     | Killed Frances
 24135 | D:13     | Reached skill level 10 in Ranged Weapons
 24848 | D:13     | Received a gift from Trog
 25428 | D:14     | Reached XP level 15. HP: 104/139 MP: 14/14
 26433 | D:15     | Entered Level 15 of the Dungeon
 26610 | D:15     | Found a staircase to the Depths.
 26688 | D:15     | Found a basalt altar of Yredelemnul.
 27017 | Orc:1    | Entered Level 1 of the Orcish Mines
 27197 | Orc:1    | Noticed an orc warlord
 27207 | Orc:1    | Killed an orc warlord
 27669 | Orc:2    | Entered Level 2 of the Orcish Mines
 27669 | Orc:2    | Found Yclighiu's General Store.
 27680 | Orc:2    | Reached skill level 15 in Fighting
 27681 | Orc:2    | Reached skill level 15 in Axes
 27692 | Orc:2    | Received a gift from Trog
 27751 | Orc:2    | Noticed an orc warlord
 28007 | Orc:1    | Killed an orc warlord
 28197 | Orc:2    | Found Ydghiu's Jewellery Shop.
 28707 | Orc:2    | Found a staircase to the Elven Halls.
 28723 | Orc:2    | Found Comis's Antique Weapon Emporium.
 28952 | Orc:2    | Found Jaurec's Antique Armour Boutique.
 28996 | Orc:2    | Bought a brightly glowing cloak for 247 gold pieces
 28996 | Orc:2    | Identified the +0 cloak of Suaxkisu {Int+4 Stlth+} (You
                  | bought it in a shop on level 2 of the Orcish Mines)
 29186 | Shoals:1 | Entered Level 1 of the Shoals
 29292 | Shoals:1 | HP: 5/141 [drowned by a drowned soul[a merfolk avatar] (9)]
 29297 | Shoals:1 | Drowned by a drowned soul

Illustrated notes

Levels and vault maps discovered:
D:1:      dpeg_arrival_tiny_a, layout_basic, serial_shops, shop
D:2:      layout_basic, ebering_ecumenical_altar_mist,
          dreamdust_princess_bridge, minmay_tromino_v2, uniq_terence,
          uniq_sigmund
D:3:      layout_basic, mainiacjoe_overflow_big_doors, roderic_lattice_a,
          grunt_decor_mini_mirrors
D:4:      layout_rooms
D:5:      layout_cave_pools, temple_hall, serial_shops,
          nicolae_shop_window_shopping, uniq_ijyb, uniq_menkaure,
          uniq_blork_the_orc
D:6:      layout_basic, gammafunk_ghost_grave
D:7:      gammafunk_wand_slinger, layout_rooms, lemuel_doored_altar,
          jmf_multi_god_temple2, general_overflow_altar, serial_shops,
          nicolae_shop_stone, uniq_duvessa
D:8:      minmay_separated_statues, layout_rooms
D:9:      layout_grid_maze
D:10:     layout_irregular_city, lair_entry_dummy,
          nicolae_trove_entry_free_sample, evilmike_minifort, uniq_grum
D:11:     layout_cave_pools, orc_0_dummy, serial_column_ruins,
          column_ruins_square_large, column_ruins_open_small,
          column_ruins_grid_1, column_ruins_open_tiny_water, uniq_erolcha
D:12:     layout_basic, serial_shops, shop, shop, kennysheep_little_box,
          grunt_ministairs_9, nicolae_tso_carved_into_rock
D:13:     kennysheep_scales, layout_basic, david_vaults_1, uniq_rupert,
          uniq_frances
D:14:     layout_loops_corners, minmay_misc_feat_more_columns
D:15:     grunt_enter_depths_snipers, layout_rooms, yredelemnul_altar_generic
Lair:1:   layout_regular_city
Lair:2:   dragon1_lemuel, layout_hall_layers, serial_bayou_pond_c
Lair:3:   layout_gridlike, minmay_shoals_entry_beasts, dummy_spider_entry,
          serial_rivers, chequers_serial_rivers_room_b,
          chequers_serial_rivers_micro_b, chequers_serial_rivers_micro_e,
          chequers_serial_rivers_small_b, chequers_serial_rivers_room_a,
          minmay_hedge_maze
Lair:4:   layout_regular_city, ebering_ghost_disaster_area,
          serial_bayou_lagoon_b
Lair:5:   minmay_lair_end_frog_pond, layout_regular_city, slime_entry_2,
          basic_altar, grunt_forest_small_clearings, minivault_26
Shoals:1: layout_shoals, uniq_roxanne, uniq_nikola
Orc:1:    layout_diamond_mine, basic_altar
Orc:2:    grunt_orc_gardens, layout_caves, grunt_orc_garden, grunt_orc_garden,
          grunt_orc_garden, grunt_orc_garden

Skill      XL: |  1  2  3  4  5  6  7  8  9 10 11 12 13 14 15 |
---------------+----------------------------------------------+-----
Fighting       | 4 5 6 8 9 10 11 12 13 14 15 | 15.2
Axes           | 4 5 6 7 9 10 11 12 13 14 15 | 15.1
Armour         | 3 4 5 6 7 9 10 11 12 13 14 | 14.8
Dodging        | 3 4 5 6 8 9 10 11 12 13 | 13.8
Shields        | 4 6 8 9 11 12 | 12.2
Ranged Weapons | 3 5 7 8 10 | 10.9

Action                   |  1- 3 |  4- 6 |  7- 9 | 10-12 | 13-15 || total
-------------------------+-------+-------+-------+-------+-------++-------
Melee: Hand axe          |    39 |   149 |    71 |       |       ||   259
       Headbutt          |     7 |    19 |    37 |    85 |   235 ||   383
       Punch             |       |     4 |       |       |       ||     4
       War axe           |       |       |   122 |   360 |   821 ||  1303
       Unarmed           |       |       |     7 |       |       ||     7
       Spear             |       |       |       |       |    46 ||    46
 Fire: Sling             |       |       |       |   151 |   399 ||   550
Throw: Boomerang         |       |       |    11 |    31 |     8 ||    50
       Dart              |       |       |     4 |     3 |    24 ||    31
       Javelin           |       |       |       |       |     3 ||     3
Invok: Berserk           |     2 |     1 |     7 |     9 |    12 ||    31
       Trog's Hand       |       |       |     1 |       |     3 ||     4
       Brothers in Arms  |       |       |       |       |     2 ||     2
 Abil: Evoke Blink       |       |       |       |     1 |     2 ||     3
  Use: Scroll            |       |       |       |       |    28 ||    28
       Potion            |       |       |       |       |     1 ||     1
 Stab: Confused          |       |       |     1 |       |       ||     1
       Petrifying        |       |       |       |       |     1 ||     1
       Petrified         |       |       |       |       |     5 ||     5
Armor: Animal skin       |     6 |       |       |       |       ||     6
       Ring mail         |       |    13 |       |       |       ||    13
       Chain mail        |       |    65 |   106 |    38 |       ||   209
       Plate armour      |       |       |       |   138 |   350 ||   488
Dodge: Dodged            |    26 |    67 |   120 |   290 |   396 ||   899
Block: Kite shield       |       |       |       |   253 |   538 ||   791
